 Dungeon Crawl Stone Soup version 0.22-a0-367-gb72a975 (console) character file.

54 vegansnacktivist the Changer (level 3, 0/23 HPs)
             Began as an Octopode Transmuter on Apr 22, 2018.
             Slain by a sky beast (1 damage)
             ... on level 2 of the Dungeon.
             The game lasted 00:02:48 (1409 turns).

vegansnacktivist the Changer (Octopode Transmuter)  Turns: 1409, Time: 00:02:49

Health: 0/23       AC:  2    Str:  9    XL:     3   Next: 91%
Magic:  0/6        EV: 19    Int: 16    God:
Gold:   90         SH:  0    Dex: 17    Spells: 2/6 levels left

rFire    . . .     SeeInvis .     - Unarmed
rCold    . . .     Gourm    .   (shield currently unavailable)
rNeg     . . .     Faith    .   (helmet currently unavailable)
rPois    x         Spirit   .   (no amulet)
rElec    .         Reflect  .   (no ring)
rCorr    .         Harm     .   (no ring)
MR       .....                  (no ring)
Stlth    ++........             (no ring)
HPRegen  0.07/turn              (no ring)
MPRegen  0.10/turn              (no ring)
                                (no ring)
                                (no ring)

@: spider-form, very slightly contaminated
A: tiny, almost no armour, stealthy swim, (amphibious), 8 rings, (constrict 8)
a: End Transformation


You were on level 2 of the Dungeon.
You were very hungry.
You were a venomous arachnid creature.
You visited 1 branch of the dungeon, and saw 2 of its levels.

You collected 90 gold pieces.

Inventory:

Missiles
 a - 12 arrows
Scrolls
 b - 2 scrolls of identify {unknown}
 d - a scroll of enchant weapon {unknown}
 e - a scroll of enchant armour {unknown}
Comestibles
 c - 2 rations
 f - a chunk of flesh


   Skills:
 - Level 1.0 Fighting
 - Level 2.0 Dodging
 - Level 3.0 Unarmed Combat
 - Level 2.0 Spellcasting
 * Level 4.1 Transmutations


You had 2 spell levels left.
You knew the following spells:

 Your Spells              Type           Power        Failure   Level  Hunger
a - Beastly Appendage     Tmut           ##....       12%         1    #......
b - Spider Form           Tmut/Pois      #.........   47%         3    ###....


Dungeon Overview and Level Annotations

Branches:
Dungeon (2/15)

Altars:


Innate Abilities, Weirdness & Mutations

You cannot wear most types of armour.
You are very stealthy in the water. (Stealth+)
((You are amphibious.))
You can wear up to eight rings at the same time.
((You can use your tentacles to constrict eight enemies at once.))
((Your skin changes colour to match your surroundings (Stealth+).))
((Your rubbery body absorbs attacks. (AC +1, EV +1)))


Message History

Casting: Spider Form (safe; 26% risk of failure)
Confirm with . or Enter, or press ? or * to list all spells.
You miscast Spider Form.
You are very lightly contaminated with residual magic.
You feel slightly ill.
A sky beast appears from thin air!
Reactivating autopickup.
The sky beast misses you.
Casting: Spider Form (safe; 26% risk of failure)
Confirm with . or Enter, or press ? or * to list all spells.
You turn into a venomous arachnid creature.
You are feeling very hungry.
The sky beast flickers out of sight!
Deactivating autopickup; reactivate with Ctrl-A.
Something hits you.
* * * LOW HITPOINT WARNING * * *
Something shocks you.
* * * LOW HITPOINT WARNING * * *
You bite something! Something barely misses you.
You miss something. Something hits you.
You die...

.# #.# #.#####.#.#.#.
.######## #.#
#.......#.#... ........#
#.# ######....#...
#######.# #.# ##.#.#####
#.# #.# ##≈....#... #.#
#.# ##.......... #.# #.#
#.#[#...#... #.#
#.#########..###...##
#.#####..[s{..<.....##..##
#.......................#
#################....####
######


There were no monsters in sight!

Vanquished Creatures
  2 adders (D:2)
  A worm (D:2)
  A dart slug (D:1)
  2 giant cockroaches (D:1)
  5 goblins
  4 hobgoblins (D:1)
  4 kobolds
  A quokka (D:2)
  3 bats
  3 frilled lizards
  3 rats
29 creatures vanquished.

Notes
Turn   | Place    | Note
-------+----------+-------------------------------------------
     0 | D:1      | vegansnacktivist the Octopode Transmuter began the quest for the Orb.
     0 | D:1      | Reached XP level 1. HP: 13/13 MP: 3/3
    40 | D:1      | Reached XP level 2. HP: 14/18 MP: 3/5
   149 | D:1      | Reached skill level 3 in Transmutations
   808 | D:2      | Reached XP level 3. HP: 23/23 MP: 6/6
  1116 | D:2      | Learned a level 3 spell: Spider Form
  1246 | D:2      | Reached skill level 4 in Transmutations
  1297 | D:2      | Noticed a sky beast
  1407 | D:2      | HP: 1/23 [something (5)]
  1409 | D:2      | Slain by a sky beast

Vault maps used:
D:1:      lemuel_arrival_cross, serial_bayou_pond_e
D:2:      lemuel_crystal_altar, first_ration, led_sif_pool

Skill      XL: |  1  2  3 |
---------------+----------+-----
Transmutations | 3 4 |  4.1
Fighting       | |  1.0
Dodging        | |  2.0
Unarmed Combat | |  3.0
Spellcasting   | |  2.0

Action                   || total
-------------------------++-------
Melee: Unarmed           ||    84
       Constrict         ||    20
       Tentacles         ||     6
       Kick              ||     3
       Punch             ||     2
 Cast: Beastly Appendage ||     3
       Spider Form       ||     2
 Stab: Sleeping          ||     5
       Distracted        ||     1
  Eat: Chunk             ||     1
Armor: Skin              ||     5
Dodge: Dodged            ||    47

Table legend:
 A = Spawn XP
 B = Non-spawn XP
 C = Spawn XP percentage of total XP
 D = Spawn monster count
 E = Non-spawn monster count
 F = Spawn count percentage of total count
 G = Total turns spent on level
                    A         B        C        D         E        F      G
               +---------+---------+-------+---------+---------+-------+---------
         Total |       0 |      78 |   0.0 |       0 |      29 |   0.0 |  1409
               +---------+---------+-------+---------+---------+-------+---------
           D:1 |       0 |      30 |   0.0 |       0 |      16 |   0.0 |   797
           D:2 |       0 |      48 |   0.0 |       0 |      13 |   0.0 |   612
               +---------+---------+-------+---------+---------+-------+---------
